AoeStats
← Lykion

Fortress

507109064Analyzed
4v4 RM · 14d ago on Sep 16, 2026· 23m 55s· 8 players
Game mode
Random Map
Map size
Huge
Population
200
Speed
Normal
Resources
Standard
Victory
Conquest
Starting age
Dark Age
Ending age
Imperial Age
RankedLock teamsTeams togetherTeam positionsShared explorationLock speedFull tech treeHidden civsTurbo modeCheats
Victory
Defeat
🇩🇪 Britons · Germany
1186
+12
🇩🇪 Japanese · Germany
1153
+14
🇩🇪 Ethiopians · Germany
1113
+15
🇩🇪 Vietnamese · Germany
1014
+20
🇨🇱 Berbers · Chile
1137
-16
🇨🇳 Britons · China
1108
-16
🇪🇪 Vikings · Estonia
1083
-15
🇹🇷 Franks · Türkiye
1065
-14
nebukatser
0:54 Loom
9:27 Feudal Age
13:23 Castle Age
11:27 Horse Collar
11:49 Double-Bit Axe
12:57 Fletching
17:13 Bow Saw
20:31 Heavy Plow
22:40 Murder Holes
23:06 Ballistics
23:01 Masonry
23:43 Bodkin Arrow
BLipax
7:31 Feudal Age
11:45 Castle Age
9:41 Horse Collar
9:48 Double-Bit Axe
13:16 Bow Saw
14:15 Loom
18:20 Wheelbarrow
20:24 Hand Cart
20:21 Heavy Plow
20:22 Gold Mining
20:31 Stone Mining
21:14 Town Watch
22:15 Kasbah
22:43 Fletching
22:53 Padded Archer Armor
23:39 Bodkin Arrow
Lykion
8:58 Feudal Age
9:05 Feudal Age
11:15 Double-Bit Axe
14:34 Castle Age
18:58 Loom
22:24 Gold Mining
暗恋安联的一切
7:02 Feudal Age
11:10 Castle Age
9:30 Double-Bit Axe
10:15 Horse Collar
12:04 Bow Saw
13:49 Heavy Plow
17:52 Wheelbarrow
20:17 Hand Cart
21:11 Gold Mining
21:44 Fletching
22:51 Loom
23:37 Bodkin Arrow
Pillerwiller
7:54 Feudal Age
11:37 Castle Age
9:59 Double-Bit Axe
10:24 Horse Collar
11:46 Crossbowman
14:28 Loom
15:19 Bow Saw
16:12 Wheelbarrow
15:39 Fletching
17:09 Padded Archer Armor
18:13 Ballistics
18:49 Bodkin Arrow
20:42 Thumb Ring
21:21 Town Watch
23:04 Hand Cart
fl0gression
7:50 Feudal Age
8:53 Double-Bit Axe
11:35 Castle Age
9:18 Horse Collar
11:15 Gold Mining
11:32 Fletching
12:28 Bow Saw
13:00 Heavy Plow
13:08 Loom
13:41 Loom
15:52 Town Watch
17:08 Crossbowman
19:12 Wheelbarrow
20:05 Gold Shaft Mining
20:46 Hand Cart
21:19 Bodkin Arrow
21:25 Padded Archer Armor
RBTV_Red
3:37 Loom
9:33 Feudal Age
10:54 Double-Bit Axe
13:37 Castle Age
12:14 Horse Collar
12:33 Arson
12:50 Scale Mail Armor
13:00 Forging
14:46 Chain Mail Armor
15:07 Iron Casting
14:54 Squires
19:14 Loom
22:45 Wheelbarrow
[SOL] MoE86
9:44 Loom
11:35 Feudal Age
12:29 Loom
15:11 Castle Age
15:51 Wheelbarrow
15:07 Double-Bit Axe
15:08 Horse Collar
15:25 Gold Mining
15:28 Stone Mining
17:37 Ballistics
17:21 Padded Archer Armor
17:17 Town Watch
17:48 Hand Cart
17:46 Fletching
22:08 Bow Saw
22:57 Leather Archer Armor
22:56 Elite Skirmisher
23:42 Thumb Ring
Connection lost

Rejoining the realm…

Still unreachable

The connection could not be restored.

Session expired

The server has moved on; the page needs a fresh start.